 Dungeon Crawl Stone Soup version 0.21.1-1-g345015f (webtiles) character file.

36 Kairos the Charmwright (level 3, 27/27 HPs)
             Began as a Human Skald on Mar 22, 2018.
             Got out of the dungeon alive.
             The game lasted 00:02:01 (1471 turns).

Kairos the Charmwright (Human Skald)                Turns: 1471, Time: 00:02:01

Health: 27/27      AC:  4    Str: 12    XL:     3   Next: 57%
Magic:  6/6        EV: 12    Int: 13    God:
Gold:   40         SH:  0    Dex: 12    Spells: 5/6 levels left

rFire    . . .     SeeInvis .   a - +1 mace
rCold    . . .     Gourm    .   (no shield)
rNeg     . . .     Faith    .   b - +1 leather armour
rPois    .         Spirit   .   (no helmet)
rElec    .         Reflect  .   (no cloak)
rCorr    .         Harm     .   (no gloves)
MR       .....                  (no boots)
Stlth    ..........             (no amulet)
HPRegen  0.09/turn              o - ring of loudness (curse)
MPRegen  0.10/turn              (no ring)

@: no status effects
A: no striking features
a: no special abilities


You escaped.
You were very hungry.

You visited 1 branch of the dungeon, and saw 1 of its levels.

You collected 40 gold pieces.

Inventory:

Hand Weapons
 a - a +1 mace (weapon)
Armour
 b - a +1 leather armour (worn)
Jewellery
 o - a cursed ring of loudness (left hand)
Scrolls
 g - a scroll of enchant armour
 m - a scroll of identify
 n - a scroll of blinking
Potions
 e - 2 potions of might {unknown}
 h - a potion of curing {unknown}
 j - a potion of mutation {unknown}
Books
 c - a book of Battle

   Spells                             Type                      Level
   a - Infusion                       Charms                       1
   b - Shroud of Golubria             Charms/Translocation         2
   c - Song of Slaying                Charms                       2
   d - Spectral Weapon                Hexes/Charms                 3
   e - Regeneration                   Charms/Necromancy            3
Comestibles
 d - 4 rations


   Skills:
 + Level 2.1 Fighting
 + Level 2.3 Maces & Flails
 + Level 1.1 Armour
 + Level 2.5 Dodging
 + Level 2.1 Spellcasting
 + Level 3.4 Charms


You had 5 spell levels left.
You knew the following spells:

 Your Spells              Type           Power        Failure   Level  Hunger
a - Infusion              Chrm           ##..         8%          1    ##.....


Dungeon Overview and Level Annotations

Branches:
Dungeon (1/15)

Altars:


Message History

You are feeling very hungry.
Unknown command.
As you read the scroll labeled PIUS UDWA SIUTUERI, it crumbles to dust.
You feel aware of your surroundings.
It was a scroll of magic mapping.
Unknown command.
As you read the scroll labeled ANTELITRES, it crumbles to dust.
You hear a loud clanging noise!
It was a scroll of noise.
As you read the scroll labeled HUETHI SIPONWO, it crumbles to dust.
You assume a fearsome visage.
Nothing appears to happen.
It was a scroll of fear.
As you read the scroll labeled KUOVVA TAUDIS, it crumbles to dust.
It is a scroll of enchant weapon.
Your +0 mace glows red for a moment.
As you read the scroll labeled OLOHUT KYINANA, it crumbles to dust.
It is a scroll of identify.
n - a scroll of blinking
There is a staircase leading out of the dungeon here.
Are you sure you want to leave the Dungeon?
This will make you lose the game!
You have escaped!

## #.# #..≈§§≈≈§.# #..> .# #.#
#...§.≈≈..# #### .# #.#
*#...§...#* #.## .# #.# ####
*#######* #### #... .# #.###..##
*#≈.§#* ##..## #.#. ##
#.##....#####'#####....# #.#. #
#.##....###.....###§#..####.#. #
#..#..§.#.#.....#8#§§..'.##.#. ##
#..#..§.#.'..@..'.§.§..'....#. .#
#..#..§.#.#.....#8#§§..'.##.#.
.###..#....###.....###....####.#.
..###.#.#..#####'#####....# #.##
#.###.##..## *#≈.≈#* ##..## #...
.......#####*#######* #### ####
#....#.##..##...≈...#*
#....#.##..#..≈≈§§≈..#
#..###.##..#.≈≈≈≈≈≈≈.#


There were no monsters in sight!

Vanquished Creatures
  A dart slug (D:1)
  2 leopard geckos (D:1)
  4 bats (D:1)
  A giant cockroach (D:1)
  4 goblins (D:1)
  3 hobgoblins (D:1)
  5 jackals (D:1)
  A kobold (D:1)
  A ball python (D:1)
  3 frilled lizards (D:1)
  5 rats (D:1)
30 creatures vanquished.

Notes
Turn   | Place    | Note
-------+----------+-------------------------------------------
     0 | D:1      | Kairos the Human Skald began the quest for the Orb.
     0 | D:1      | Reached XP level 1. HP: 16/16 MP: 3/3
    95 | D:1      | Reached XP level 2. HP: 8/22 MP: 0/5
   452 | D:1      | Reached XP level 3. HP: 18/27 MP: 1/6
  1471 | D:$      | Got out of the dungeon alive.

Action                   || total
-------------------------++-------
Melee: Mace              ||    97
 Cast: Infusion          ||     8
  Use: Scroll            ||     6
 Stab: Distracted        ||     1
  Eat: Chunk             ||     1
Armor: Leather armour    ||    30
Dodge: Dodged            ||    99
